 Dungeon Crawl Stone Soup version 0.30-a0-782-ge64f9170bb (webtiles) character file.

Game seed: 8731736832790822472

172 shadizar the Covered (level 5, -7/34 HPs)
             Began as a Gargoyle Fighter on Mar 18, 2023.
             Mangled by a mummy (14 damage)
             ... in an ossuary.
             The game lasted 00:04:07 (1890 turns).

shadizar the Covered (Gargoyle Fighter)             Turns: 1890, Time: 00:04:07

Health: -7/34      AC: 13    Str: 27    XL:     5   Next: 53%
Magic:  5/5        EV:  8    Int:  9    God:
Gold:   136        SH:  5    Dex: 15    Spells: 4/4 levels left

rFire   . . .      SeeInvis .    a - +0 trident
rCold   . . .      Faith    .    c - +0 buckler
rNeg    + . .      Spirit   .    w - +0 chain mail
rPois   ∞          Reflect  .    (no helmet)
rElec   +          Harm     .    (no cloak)
rCorr   .          Rampage  .    (no gloves)
Will    .....                    (no boots) Stlth
                                 (no amulet)
HPRegen 0.25/turn                u - +6 ring of strength
MPRegen 0.09/turn                q - +6 ring of dexterity

@: mighty, marked, attractive
A: sickness immunity, AC +4, negative energy resistance 1, electricity
resistance, torment resistance 1, petrification resistance
a: no special abilities


You were in an ossuary.
You visited 1 branch of the dungeon, and saw 4 of its levels.
You also visited: Ossuary.

You collected 136 gold pieces.

Inventory:

Hand Weapons
 a - a +0 trident (weapon)
Armour
 b - a +0 scale mail
 c - a +0 buckler (worn)
 w - a +0 chain mail (worn)
Jewellery
 q - a +6 ring of dexterity (right hand)
 s - a +6 ring of intelligence
 u - a +6 ring of strength (left hand)
Wands
 n - a wand of acid (8)
Scrolls
 e - a scroll of immolation
 i - a scroll of teleportation
 l - a scroll of enchant weapon {unknown}
 t - a scroll of brand weapon {unknown}
 x - a scroll of enchant armour {unknown}
Potions
 f - 3 potions of cancellation
 h - a potion of brilliance {unknown}
 j - a potion of curing {unknown}
 m - 2 potions of attraction
 r - a potion of lignification {unknown}
 v - a potion of flight {unknown}


   Skills:
 + Level 4.3 Fighting
 + Level 2.9 Polearms
 + Level 4.3 Armour
 + Level 4.3 Shields


You had 4 spell levels left.
You didn't know any spells.
Your spell library contained the following spells:

 Spells                   Type           Power      Damage    Failure   Level
 Inner Flame              Hex/Fire       0%         N/A       100%        3
 Flame Wave               Conj/Fire      0%         2d4       100%        4
 Sticky Flame             Conj/Fire      0%         2d3       100%        4


Dungeon Overview and Level Annotations

Branches:
Dungeon (4/15)            Ossuary (1/1)
 Temple: D:4-7

Altars:


Innate Abilities, Weirdness & Mutations

You are immune to sickness and miasma.
Your stone body is resilient. (AC +4)
You are immune to poison.
You resist negative energy. (rN+)
You are resistant to electric shocks. (rElec)
You are resistant to unholy torment.
You are immune to petrification.


Message History

* * * LOW HITPOINT WARNING * * *
The hobgoblin zombie hits you but does no damage.
You block the centaur zombie's attack.
The centaur zombie kicks you but does no damage.
As you read the scroll of teleportation, it crumbles to dust.
You feel strangely unstable.
The centaur zombie hits you but does no damage.
The centaur zombie kicks you but does no damage.
The centaur zombie hits you but does no damage.
The centaur zombie closely misses you. The hobgoblin zombie barely misses you.
The hobgoblin zombie hits you but does no damage.
The centaur zombie hits you but does no damage.
The centaur zombie kicks you.
* * * LOW HITPOINT WARNING * * *
The centaur zombie barely misses you. You block the centaur zombie's attack.
It was a potion of attraction.
You feel attractive to monsters.
The hobgoblin zombie hits you but does no damage.
You block the centaur zombie's attack. The centaur zombie barely misses you.
The hobgoblin zombie barely misses you.
The centaur zombie hits you but does no damage.
The centaur zombie kicks you but does no damage.
Okay, then.
You puncture the hobgoblin zombie!
You destroy the hobgoblin zombie!
Your surroundings suddenly seem different. 2 mummies come into view.
Found seven items.
The mummy is attracted toward you. x2
The mummy is attracted toward you. x2
Found a gate leading back out of this place.
The mummy fails to trigger a net trap.
The mummy drops a net on you.
You become entangled in the net!
You see here a throwing net.
You tear a large gash into the net.
You struggle against the net.
The mummy hits you but does no damage.
You struggle against the net.
You shred the net and break free! The mummy hits you but does no damage.
The mummy closely misses you. The mummy hits you!
You die...

## ##∩##
##...##
##.....##
#?.....!#
#!.....?#
#?.....?#
#!....M@#
##^^..M##
##^..^^##
#..^....#
##.....##
#.....^.#
##.....##
#.....^.
##....^##


You could see 2 mummies.

Vanquished Creatures
  A centaur zombie (Ossuary)
  2 mummies (Ossuary)
  4 gnolls (D:2)
  2 adders
  3 worms (D:2)
  2 dart slugs (D:1)
  12 bats
  2 endoplasms
  4 goblins
  3 hobgoblins
  2 jackals (D:1)
  A quokka (D:2)
  2 ball pythons (D:1)
  3 frilled lizards (D:1)
  A hobgoblin zombie (Ossuary)
  4 kobolds
  4 rats
52 creatures vanquished.

Notes
Turn   | Place    | Note
-------+----------+-------------------------------------------
     0 | D:1      | shadizar the Gargoyle Fighter began the quest for the Orb.
     0 | D:1      | Reached XP level 1. HP: 14/14 MP: 1/1
   125 | D:1      | Reached XP level 2. HP: 19/19 MP: 2/2
   454 | D:1      | Reached XP level 3. HP: 23/23 MP: 3/3
   758 | D:2      | Reached XP level 4. HP: 22/29 MP: 4/4
  1851 | D:4      | Found a sand-covered staircase.
  1856 | Ossuary  | Entered an ossuary
  1871 | Ossuary  | Reached XP level 5. HP: 28/33 MP: 5/5
  1890 | Ossuary  | Mangled by a mummy

Illustrated notes

Levels and vault maps discovered:
D:1:      sevenhm_arrival_forest_fort_small_5, layout_rooms, chequers_garden
D:2:      layout_rooms
D:3:      cheibrodos_helix_gallery, layout_loops_ring
D:4:      layout_rooms, nicolae_ossuary_entry_monument, serial_shops,
          nicolae_shop_waterfront, hangedman_decor_opposing,
          kennysheep_generic_room_7
Ossuary:  ossuary_the_hunt_dpeg

Skill      XL: |  1  2  3  4 |
---------------+-------------+-----
Polearms       | 2 |  2.9
Armour         | 4 |  4.3
Shields        | 4 |  4.3
Fighting       | 4 |  4.3

Action                     |  1- 3 |  4- 6 || total
---------------------------+-------+-------++-------
  Melee: Trident           |    97 |    87 ||   184
    Use: Scroll            |       |     7 ||     7
         Potion            |       |     2 ||     2
 Armour: Scale mail        |    36 |    35 ||    71
         Chain mail        |       |    47 ||    47
  Dodge: Dodged            |    44 |    56 ||   100
  Block: Buckler           |    16 |    31 ||    47

Table legend: (Time is in decaauts)
 A = Elapsed time spent in this place.
 B = Non-inter-level travel time spent in this place.
 C = Inter-level travel time spent in this place.
 D = Time resting spent in this place.
 E = Time spent auto-exploring this place.
 F = Levels seen in this place.
 G = Mean time per level.
                   A        B        C        D        E       F      G
               +--------+--------+--------+--------+--------+-----+--------+
         Total |   1932 |   1894 |     38 |      0 |   1420 |   5 |  386.4 |
       Dungeon |   1898 |   1860 |     38 |      0 |   1420 |   4 |  474.5 |
       Ossuary |     34 |     34 |      0 |      0 |      0 |   1 |   34.0 |
               +--------+--------+--------+--------+--------+-----+--------+

Top non-repeatable levels by time:
     D:3: 645 daAuts
     D:2: 637 daAuts
     D:1: 564 daAuts
     D:4: 50 daAuts
 Ossuary: 34 daAuts
